Map: Acid Plant LE

Players

PtitDrogo

  • Race: Protoss Protoss
  • Spawn Location: 5:00

soO - Winner!

  • Race: Zerg Zerg
  • League: Master
  • Spawn Location: 11:00

Event: HomeStory Cup XVII

VOD

Have the link to the VOD?

Description

Time

  • Played on: June 29, 2018, 9:54 a.m.
  • Length: 17:00

All games in this series

Show
View Real Time Build Order
Export as new Build Order

PtitDrogo Protoss 

Build Orders: 1 Gate Expand, Oracle Opening, Phoenix Opening, Archon Immortal, Zealot Archon, Archon Drop 

Get SALT Encoding   

  12  0:00  Probe  
  13  0:12  Probe  
  14  0:20  Pylon  
  14  0:24  Probe  
  15  0:34  Probe  
  16  0:42  Probe  
  16  0:45  Gateway  
  16  0:48  Assimilator  
  17  0:53  Probe  
  18  1:05  Probe  
  19  1:17  Probe  
  20  1:23  Nexus  
  20  1:33  Cybernetics Core  
  20  1:37  Probe  
  21  1:43  Assimilator  
  21  1:49  Probe  
  21  1:52  Pylon  
  22  2:01  Adept, Probe  
  23  2:13  Probe  
  26  2:18  Stargate  
  26  2:25  Probe  
  26  2:26  Warp Gate  
  27  2:32  Adept, Probe  
  27  2:33  Probe  
  30  2:40  Probe  
  30  2:41  Probe  
  32  2:50  Probe  
  33  2:52  Probe  
  33  2:56  Phoenix  
  35  3:02  Probe  
  35  3:04  Probe  
  39  3:10  Pylon  
  39  3:14  Probe  
  39  3:16  Probe  
  41  3:21  Assimilator x2  
  41  3:22  Oracle  
  41  3:26  Probe  
  45  3:35  Robotics Facility  
  45  3:36  Probe  
  45  3:38  Probe  
  47  3:48  Probe  
  48  3:50  Probe  
  48  3:52  Twilight Council  
  49  4:00  Probe  
  50  4:04  Gateway  
  50  4:05  Gateway  
  50  4:07  Gateway  
  50  4:09  Probe  
  51  4:12  Pylon  
  51  4:13  Probe  
  52  4:21  Probe  
  52  4:23  Warp Prism, Pylon  
  55  4:33  Templar Archives  
  55  4:40  Zealot  
  55  4:41  Forge  
  55  4:42  Probe  
  58  4:55  Nexus  
  58  4:58  Pylon  
  58  5:08  Observer  
  58  5:13  High Templar x4  
  66  5:14  Probe x2  
  66  5:18  Archon x2, Protoss Ground Weapons Level 1  
  66  5:20  Pylon  
  69  5:23  Shield Battery  
  69  5:25  Charge  
  69  5:26  Probe x2  
  71  5:32  Immortal  
  71  5:38  Probe x2  
  77  5:50  Probe x2  
  79  5:59  Immortal  
  79  6:02  Probe  
  79  6:03  Gateway x2, Probe  
  81  6:10  Probe  
  86  6:14  Assimilator  
  86  6:15  Probe  
  87  6:19  Gateway  
  87  6:21  Gateway, Probe  
  87  6:22  Psionic Storm  
  88  6:27  Probe  
  88  6:31  Probe  
  90  6:33  Pylon  
  90  6:34  Assimilator  
  89  6:40  Immortal  
  89  6:44  Probe x2  
  89  6:46  Pylon  
  95  6:58  Probe x3  
  95  7:01  High Templar, Pylon  
  94  7:02  High Templar x2  
  94  7:05  Pylon  
  94  7:07  High Templar  
  102  7:09  Photon Cannon  
  102  7:10  Probe x2  
  104  7:16  Probe  
  104  7:21  Zealot x4  
  104  7:22  Immortal, Protoss Ground Weapons Level 2  
  115  7:30  Robotics Facility  
  115  7:34  High Templar  
  115  7:35  Photon Cannon  
  117  7:37  Photon Cannon  
  117  7:43  Nexus  
  117  7:47  Pylon  
  117  7:57  Zealot  
  119  8:01  Pylon  
  119  8:03  High Templar x2  
  119  8:04  Zealot x2  
  127  8:07  Archon  
  127  8:12  Immortal  
  125  8:22  Probe  
  130  8:28  Immortal  
  134  8:34  High Templar x2  
  134  8:35  Zealot x5  
  134  8:38  Photon Cannon  
  134  8:40  Archon  
  146  8:43  Shield Battery  
  146  8:44  Photon Cannon, Pylon  
  146  8:47  Pylon  
  144  8:50  Probe  
  145  9:00  Probe  
  145  9:01  Probe  
  147  9:04  Assimilator  
  147  9:06  Immortal  
  147  9:07  Photon Cannon, Assimilator  
  147  9:09  Immortal  
  155  9:13  Protoss Air Weapons Level 1  
  155  9:15  Probe  
  156  9:23  Fleet Beacon  
  156  9:30  Stalker x5  
  156  9:38  Stalker x2  
  156  9:43  Stalker  
  151  9:51  Archon  
  133  9:53  Probe, Stalker x3  
  133  9:55  Probe  
  133  9:58  Probe x2  
  135  10:01  Probe  
  120  10:07  Probe  
  120  10:10  Stalker x2  
  120  10:11  Stalker  
  120  10:12  Pylon  
  124  10:21  High Templar  
  124  10:22  High Templar  
  124  10:25  Probe  
  124  10:26  Probe x3  
  132  10:38  Probe x3  
  132  10:41  Probe  
  136  10:46  High Templar x2  
  136  10:47  Phoenix  
  140  10:50  Probe  
  140  10:53  Probe  
  138  11:08  Stalker x2  
  138  11:20  Zealot x3  
  138  11:21  Zealot  
  138  11:23  Probe  
  145  11:28  Stalker  
  135  11:36  Protoss Ground Weapons Level 3  
  123  11:44  High Templar x4  
  121  11:56  Archon x2  
  115  12:07  Stalker  
  115  12:08  Probe x2  
  103  12:09  Photon Cannon  
  103  12:12  Photon Cannon, Shield Battery  
  103  12:18  Zealot  
  103  12:19  Zealot  
  103  12:22  Pylon  
  107  12:25  Pylon  
  107  12:31  Observer  
  107  12:32  Probe  
  107  12:35  Pylon  
  107  12:36  High Templar  
  110  12:37  High Templar x2  
  110  12:39  High Templar  
  110  12:40  Archon  
  116  12:47  Archon  
  116  12:48  Zealot x2  
  118  12:53  Photon Cannon  
  118  12:55  Probe  
  118  13:01  Probe  
  118  13:04  High Templar x2  
  123  13:08  Archon  
  123  13:10  High Templar x2  
  123  13:11  Zealot x4  
  135  13:14  Archon  
  129  13:32  Stalker x2  
  125  13:38  High Templar x2  
  125  13:39  Zealot x2  
  131  13:44  Archon  
  131  13:45  High Templar x2  
  131  13:46  Probe x4  
  139  13:58  Probe  
  139  14:01  Probe  
  140  14:06  Probe  
  135  14:12  Stalker  
  135  14:14  Probe  
  135  14:16  Probe x2  
  135  14:18  Probe  
  135  14:22  Stalker x2  
  137  14:26  Probe  
  137  14:28  Probe  
  133  14:35  Stalker  
  133  14:39  High Templar x4  
  133  14:41  Probe  
  142  14:47  Archon x2  
  142  14:57  Protoss Shields Level 1  
  142  14:58  Probe x3  
  138  15:02  High Templar x2  
  138  15:03  Zealot x2  
  144  15:07  Archon  
  143  15:15  Probe x2  
  142  15:23  Probe  
  142  15:25  High Templar x2  
  147  15:30  Archon  
  146  15:53  High Templar x2  
  146  15:55  High Templar x2  
  146  15:56  Zealot x2  
  158  15:58  Archon  
  158  15:59  Archon  
  158  16:00  Probe x2  
  158  16:01  Photon Cannon  
  160  16:14  High Templar x2  
  164  16:18  Archon  
  164  16:24  Zealot x2  
  140  16:33  Zealot x4  
  124  16:48  Zealot x4  
Show
View Real Time Build Order
Export as new Build Order

soO Zerg - Winner!

Build Orders: Hatch First, Muta Ling Bane 

Get SALT Encoding   

  12  0:00  Drone  
  13  0:11  Overlord  
  13  0:17  Drone  
  14  0:30  Drone x2  
  14  0:33  Drone  
  17  0:51  Hatchery  
  17  0:54  Drone  
  17  0:57  Drone  
  18  1:08  Extractor  
  17  1:12  Spawning Pool  
  17  1:15  Drone  
  18  1:18  Drone  
  18  1:27  Drone  
  19  1:38  Drone  
  20  1:48  Overlord  
  20  1:59  Queen  
  22  2:03  Queen  
  22  2:04  Drone, Zergling x2  
  26  2:08  Metabolic Boost  
  26  2:10  Drone  
  26  2:14  Drone  
  29  2:22  Drone  
  29  2:25  Drone  
  31  2:37  Drone, Hatchery  
  30  2:44  Queen  
  30  2:46  Zergling x2  
  30  2:50  Overlord  
  33  2:53  Drone  
  33  2:57  Drone x2  
  36  3:10  Drone, Zergling x2  
  36  3:11  Drone x4  
  42  3:14  Overlord  
  42  3:20  Queen  
  44  3:33  Spore Crawler  
  44  3:34  Drone  
  44  3:35  Drone  
  45  3:43  Drone x3  
  45  3:44  Drone x2  
  45  3:45  Drone  
  45  3:47  Lair  
  51  3:49  Drone  
  51  3:51  Drone  
  51  3:52  Drone  
  54  3:58  Drone  
  54  4:01  Extractor  
  54  4:02  Drone  
  55  4:03  Drone  
  55  4:04  Extractor  
  55  4:07  Spore Crawler  
  55  4:08  Drone  
  55  4:11  Overlord, Drone  
  55  4:14  Drone x2  
  55  4:16  Spore Crawler, Overlord, Evolution Chamber  
  56  4:20  Overlord  
  56  4:21  Overlord  
  56  4:25  Overlord  
  56  4:28  Roach Warren  
  55  4:33  Drone  
  55  4:34  Drone x2  
  55  4:35  Drone x2  
  55  4:37  Drone  
  61  4:44  Drone x4  
  65  4:47  Zerg Missile Weapons Level 1  
  65  4:56  Drone x2  
  65  4:58  Drone  
  67  5:01  Zergling x4  
  67  5:05  Overlord  
  67  5:06  Drone  
  70  5:07  Drone  
  70  5:08  Drone  
  70  5:12  Glial Reconstitution  
  70  5:14  Roach x4  
  80  5:15  Extractor  
  80  5:19  Roach  
  80  5:20  Roach x2  
  85  5:25  Overlord  
  85  5:28  Overlord  
  85  5:32  Roach x2, Extractor  
  85  5:33  Roach x2  
  92  5:39  Roach  
  92  5:40  Overlord, Roach x2  
  98  5:42  Overseer  
  98  5:47  Roach x2  
  98  5:48  Roach x2  
  98  5:49  Overlord  
  103  5:58  Drone x3  
  103  6:01  Hydralisk Den  
  103  6:03  Drone x3  
  103  6:04  Drone x3  
  111  6:25  Drone x3  
  114  6:28  Hatchery  
  114  6:30  Overlord  
  114  6:31  Overlord, Extractor  
  114  6:32  Grooved Spines  
  112  6:35  Hydralisk x5  
  121  6:43  Zerg Missile Weapons Level 2  
  121  6:46  Overlord  
  121  6:47  Overlord x2  
  120  7:00  Drone  
  120  7:01  Drone  
  120  7:03  Drone x8  
  128  7:13  Hydralisk x2  
  132  7:16  Drone  
  132  7:17  Hydralisk x3, Spire  
  138  7:24  Drone  
  138  7:29  Hydralisk x2  
  141  7:33  Extractor  
  141  7:35  Overlord, Extractor  
  141  7:40  Zergling x2  
  141  7:41  Zergling x10  
  146  7:45  Drone x2  
  146  7:47  Overlord  
  148  7:54  Overlord  
  148  8:07  Overlord  
  148  8:08  Drone  
  149  8:19  Hatchery  
  146  8:29  Spine Crawler  
  146  8:32  Spine Crawler  
  144  8:34  Mutalisk x14  
  172  8:46  Hydralisk x4, Baneling Nest  
  178  8:54  Zergling x26  
  178  8:55  Zergling x2  
  192  9:07  Hydralisk x4  
  200  9:14  Zerg Melee Weapons Level 1  
  200  9:15  Evolution Chamber  
  199  9:33  Baneling  
  199  9:34  Baneling x25  
  199  9:35  Baneling  
  199  9:40  Centrifical Hooks  
  197  9:46  Zergling x2  
  197  9:47  Zergling x4  
  171  10:03  Drone x2  
  171  10:04  Queen, Drone x8  
  171  10:06  Mutalisk x6  
  183  10:17  Mutalisk x2  
  183  10:19  Drone x4  
  183  10:20  Drone x4  
  195  10:26  Drone x5  
  200  10:32  Overseer  
  200  10:33  Zerg Ground Armor Level 1  
  200  10:48  Overseer  
  200  10:50  Infestation Pit  
  200  10:53  Zergling x2  
  181  11:33  Hydralisk x3  
  181  11:34  Zergling x28  
  181  11:35  Zergling x2  
  184  11:42  Hydralisk x4  
  184  11:43  Zergling x16  
  197  11:47  Overlord  
  172  12:04  Zergling x2  
  172  12:05  Zergling x18  
  180  12:12  Hive  
  179  12:25  Baneling x7, Hatchery  
  179  12:26  Baneling x12  
  179  12:27  Zergling x2  
  179  12:28  Zergling x14  
  179  12:29  Drone  
  187  12:33  Queen  
  187  12:35  Zergling x2  
  187  12:36  Zergling x2  
  191  12:37  Baneling  
  191  12:38  Baneling x9  
  191  12:41  Zergling x8  
  194  12:50  Zerg Melee Weapons Level 2  
  194  12:51  Zerg Ground Armor Level 2  
  194  12:55  Muscular Augments  
  194  13:08  Spine Crawler  
  194  13:09  Spine Crawler  
  194  13:10  Spine Crawler  
  194  13:11  Drone x9  
  200  13:13  Hatchery  
  189  13:42  Greater Spire  
  189  13:43  Adrenal Glands  
  189  13:46  Baneling x6  
  189  13:47  Zergling x16  
  189  13:48  Zergling x4  
  199  13:54  Spore Crawler  
  188  14:33  Zergling x2  
  188  14:34  Zergling x22  
  195  14:42  Spine Crawler  
  195  14:43  Spine Crawler  
  193  14:47  Spine Crawler, Corruptor x3  
  198  15:03  Baneling  
  198  15:04  Baneling x17  
  197  15:14  Spine Crawler  
  197  15:15  Spine Crawler  
  197  15:16  Spine Crawler x2  
  197  15:18  Spine Crawler  
  192  15:21  Corruptor x3  
  192  15:22  Corruptor  
  198  15:54  Brood Lord x2  
  200  16:00  Extractor  
  199  16:13  Baneling x2  
  199  16:14  Baneling x6  
  198  16:20  Brood Lord x5  
  188  16:29  Zergling x28  
  188  16:30  Zergling x14  
  191  16:35  Zergling x8  
  171  16:40  Zergling x24  
Tags
 
Add a new tag
Caveats
  • Supply blocks, unpowered buildings, or Contaminate may cause inaccurate times.
  • Supply counts are checked every 10 seconds.